 Dungeon Crawl Stone Soup version 0.29.1-13-g9f3cf754e1 (webtiles) character file.

Game seed: 15352558099520546823

1320 Exodus22XD the Cleaver (level 8, -2/70 HPs)
             Began as a Minotaur Fighter on Feb 3, 2023.
             Was an Elder of Lugonu.
             Slain by a troll (10 damage)
             ... on level 5 of the Dungeon.
             The game lasted 00:05:34 (6177 turns).

Exodus22XD the Cleaver (Minotaur Fighter)           Turns: 6177, Time: 00:05:35

Health: -2/70      AC:  9    Str: 23    XL:     8   Next: 33%
Magic:  8/8        EV:  9    Int:  5    God:    Lugonu [****..]
Gold:   480        SH:  5    Dex: 10    Spells: 7/7 levels left

rFire   . . .      SeeInvis .   a - +0 war axe
rCold   . . .      Faith    .   c - +0 buckler
rNeg    . . .      Spirit   .   b - +0 scale mail
rPois   .          Reflect  .   (helmet restricted)
rElec   .          Harm     .   y - +0 cloak
rCorr   .          Rampage  .   (no gloves)
Will    .....                   (no boots)
Stlth   ..........              (no amulet)
HPRegen 0.21/turn               (no ring)
MPRegen 0.11/turn               (no ring)

@: no status effects
A: horns 2, retaliatory headbutt
a: Renounce Religion, Depart the Abyss, Bend Space, Banish, Corrupt


You were on level 5 of the Dungeon.
You worshipped Lugonu.
Lugonu was greatly pleased with you.
You visited 1 branch of the dungeon, and saw 5 of its levels.
You also visited: Ossuary.

You collected 480 gold pieces.

Inventory:

Hand Weapons
 a - a +0 war axe (weapon)
Armour
 b - a +0 scale mail (worn)
 c - a +0 buckler (worn)
 y - a +0 cloak (worn)
Jewellery
 f - a ring of ice
 i - a ring of magical power
 r - a ring of protection from fire
 v - a ring of fire
 w - a +6 ring of intelligence
Wands
 u - a wand of polymorph (6)
 x - a wand of flame (12)
 H - a wand of charming (6)
Scrolls
 e - 3 scrolls of immolation {unknown}
 g - a scroll of fear {unknown}
 h - a scroll of amnesia {unknown}
 j - 4 scrolls of teleportation {unknown}
 k - 3 scrolls of blinking {unknown}
 n - 8 scrolls of identify {unknown}
 p - a scroll of enchant weapon {unknown}
 q - a scroll of torment {unknown}
 t - 2 scrolls of poison {unknown}
 C - a scroll of silence {unknown}
 F - a scroll of vulnerability {unknown}
Potions
 d - 2 potions of might
 l - a potion of heal wounds {unknown}
 m - 2 potions of attraction {unknown}
 o - 3 potions of invisibility {unknown}
 s - a potion of resistance {unknown}
 z - 2 potions of flight {unknown}
 A - 2 potions of haste {unknown}
 B - a potion of brilliance {unknown}
 D - a potion of lignification {unknown}
 E - 2 potions of berserk rage {unknown}
 G - 6 potions of curing {unknown}


   Skills:
 + Level 6.1 Fighting
 + Level 8.9 Axes
 + Level 6.6 Armour
 + Level 5.1 Shields
 + Level 0.3 Unarmed Combat
 * Level 1.5 Invocations


You had 7 spell levels left.
You didn't know any spells.
Your spell library was empty.

Dungeon Overview and Level Annotations

Branches:
Dungeon (5/15)            Ossuary (visited)
 Temple: D:4-7

Altars:
Elyvilon
Nemelex Xobeh
Qazlal
Ru
Sif Muna
Lugonu

Portals:
Abyss: D:3

Annotations:
D:3 2 transporters, vvl's ghost, amateur DsEE


Innate Abilities, Weirdness & Mutations

You have a pair of horns on your head.
You reflexively headbutt those who attack you in melee.


Message History

There are monsters nearby!
The adder bites you but does no damage.
There are monsters nearby!
You hit the adder.
You headbutt the adder, but do no damage.
The adder is moderately wounded.
The adder bites you but does no damage.
You hit the adder. Your headbutt misses the adder.
The adder is heavily wounded.
The adder bites you but does no damage.
You completely miss the adder. Your headbutt misses the adder.
The adder is heavily wounded.
The adder barely misses you. You furiously retaliate!
You headbutt the adder!
You kill the adder!
Lugonu accepts your kill.
You slash the troll! You headbutt the troll.
The troll is moderately wounded.
An iguana comes into view.
A white imp comes into view.
The troll bites you. The troll claws you! The troll claws you.
The white imp shouts!
You slash the troll!
The troll is severely wounded.
The troll barely misses you. You furiously retaliate!
You headbutt the troll! You block the troll's attack.
The troll claws you but does no damage. The white imp gestures at you.
The puff of frost hits you.
You closely miss the troll. Your headbutt misses the troll.
The troll is almost dead.
The white imp shouts, "Crawl home, thou bootless moldwarp nightsoil!"
The troll bites you! The troll claws you.
The troll claws you but does no damage. The troll bites you!
The troll completely misses you. The troll claws you!
* * * LOW HITPOINT WARNING * * *
The white imp gestures at you. The puff of frost hits you.
* * * LOW HITPOINT WARNING * * *
Press: ? - help, Shift-Dir - straight line, f - troll
Aim: a troll (almost dead, chance to affect: 79%)
You fail to use your ability.
The troll bites you!
You die...

##.....############...##....
########## #....#.......
###......### #.##...##....
###.).####...####.###.###....
###...###..###...#### #.#
##### ##....## ...5.##....##
#.# # ##....## #........#
#.####### #....##
##..##....##........ #....#
##@.#....########## #....#
#T8#....# #....# #sl#....#
#....# #..#....# #....#
#.8#....# #...^#
#..#....########## #....##
.$## #....:.... ##....## .##
########## #.#....## .


You could see a troll, a scorpion, an iguana and a white imp.

Vanquished Creatures
  Sigmund (D:3)
  A water moccasin (D:5)
  2 phantoms
  An elf zombie (Ossuary)
  Blork the orc (D:5)
  3 scorpions
  A howler monkey (D:5)
  A centaur zombie (Ossuary)
  4 hounds
  A human zombie (Ossuary)
  A jelly (D:5)
  An orc priest (D:5)
  Ijyb (D:3)
  An iguana (D:5)
  2 orc wizards (D:5)
  2 mummies (Ossuary)
  7 adders
  2 adder zombies (Ossuary)
  5 worms
  4 dart slugs
  9 orcs
  6 endoplasms
  2 giant cockroaches (D:3)
  8 goblins
  8 hobgoblins
  2 jackals (D:2)
  4 quokkas
  4 ball pythons
  5 bats
  6 frilled lizards
  A goblin zombie (Ossuary)
  14 hobgoblin zombies (Ossuary)
  A jackal zombie (Ossuary)
  7 kobolds
  11 kobold zombies (Ossuary)
  4 orc zombies (Ossuary)
  3 rats
  A rat zombie (Ossuary)
  A spectral kobold (D:2)
139 creatures vanquished.

Notes
Turn   | Place    | Note
-------+----------+-------------------------------------------
     0 | D:1      | Exodus22XD the Minotaur Fighter began the quest for the
                  | Orb.
     0 | D:1      | Reached XP level 1. HP: 19/19 MP: 0/0
   830 | D:1      | Reached XP level 2. HP: 27/27 MP: 1/1
   830 | D:1      | You fall into a shaft and drop 1 floor!
   854 | D:2      | Reached XP level 3. HP: 23/33 MP: 2/2
  1592 | D:2      | Reached skill level 3 in Axes
  1932 | D:2      | Reached XP level 4. HP: 40/40 MP: 3/3
  1973 | D:2      | Found a faded altar of an unknown god.
  1982 | D:2      | Prayed at the altar of an unknown god.
  1982 | D:2      | Became a worshipper of Lugonu the Unformed
  1982 | D:2      | Reached * piety under Lugonu
  1982 | D:2      | Reached ** piety under Lugonu
  2451 | D:3      | Noticed Sigmund
  2464 | D:3      | Killed Sigmund
  2465 | D:3      | Reached skill level 4 in Axes
  2465 | D:3      | Reached skill level 5 in Armour
  2465 | D:3      | Reached XP level 5. HP: 33/47 MP: 4/4
  2607 | D:3      | Noticed Ijyb
  2619 | D:3      | Killed Ijyb
  2620 | D:3      | Reached skill level 5 in Axes
  2682 | D:3      | Found a transporter.
  2686 | D:3      | Found a transporter.
  2868 | D:3      | Reached XP level 6. HP: 53/53 MP: 5/5
  2876 | D:3      | Found a faded altar of an unknown god.
  2957 | D:3      | Found a shimmering blue altar of Sif Muna.
  3044 | D:3      | Found a one-way gate to the infinite horrors of the Abyss.
  3044 | D:3      | Noticed vvl's ghost (amateur DsEE)
  3562 | D:4      | Found a sand-covered staircase.
  3569 | Ossuary  | Entered an ossuary
  3613 | Ossuary  | Reached *** piety under Lugonu
  3719 | Ossuary  | Reached skill level 6 in Axes
  3744 | Ossuary  | Reached skill level 5 in Fighting
  3866 | Ossuary  | Reached XP level 7. HP: 56/61 MP: 6/6
  4035 | D:4      | Reached skill level 7 in Axes
  4327 | D:4      | Reached **** piety under Lugonu
  4400 | D:4      | Found a sacrificial altar of Ru.
  4438 | D:4      | Found a stormy altar of Qazlal.
  4510 | D:4      | Found a sparkling altar of Nemelex Xobeh.
  4881 | D:5      | Entered Level 5 of the Dungeon
  4908 | D:5      | Reached skill level 8 in Axes
  5275 | D:5      | Reached XP level 8. HP: 53/70 MP: 7/7
  5569 | D:5      | Found a white marble altar of Elyvilon.
  5807 | D:5      | Noticed Blork the orc
  5813 | D:5      | Reached skill level 5 in Shields
  5829 | D:5      | Killed Blork the orc
  5830 | D:5      | Reached skill level 1 in Invocations
  6168 | D:5      | Noticed a troll
  6177 | D:5      | Slain by a troll

Illustrated notes

Levels and vault maps discovered:
D:1:      eino_arrival_cavern_a, layout_basic
D:2:      minmay_door_path, layout_basic,
          dreamdust_ecumenical_altar_drowned_temple, minmay_circle_x
D:3:      layout_loops_corners, nicolae_overflow_ecumenical_swirl,
          gammafunk_ghost_abyssal_escape, uniq_sigmund, uniq_ijyb
D:4:      layout_gridville, amcnicky_altar_gilded,
          mainiacjoe_overflow_two_lobes, chequers_ossuary_entry_cave
D:5:      layout_loops_ring, kennysheep_little_box, nzn_random_ring,
          uniq_blork_the_orc

Skill      XL: |  1  2  3  4  5  6  7  8 |
---------------+-------------------------+-----
Fighting       | 4 5 6 |  6.1
Armour         | 4 5 6 |  6.6
Shields        | 4 5 |  5.1
Axes           | 3 4 5 6 8 |  8.9
Invocations    | 1 |  1.5
Unarmed Combat | |  0.3

Action                   |  1- 3 |  4- 6 |  7- 9 || total
-------------------------+-------+-------+-------++-------
Melee: War axe           |    69 |   128 |   127 ||   324
       Headbutt          |     9 |    26 |    26 ||    61
       Unarmed           |       |    16 |       ||    16
Armor: Scale mail        |    32 |    53 |    52 ||   137
       Skin              |       |     1 |       ||     1
Dodge: Dodged            |    30 |    60 |    51 ||   141
Block: Buckler           |     7 |    23 |    35 ||    65
